 Dungeon Sprint DCSS version 0.20.1-1-g8b1a95d (webtiles) character file.

103 Keinname the Skirmisher (level 5, -8/36 HPs)
             Began as a Kobold Fighter on Sept 16, 2017.
             Mangled by a water elemental (19 damage)
             ... in the Dungeon (Sprint III: "The Ten Rune Challenge").
             The game lasted 00:12:51 (487 turns).

Keinname the Skirmisher (Kobold Fighter)             Turns: 487, Time: 00:12:51

Health: -8/36      AC:  7    Str: 18    XL:     5   Next: 6%
Magic:  5/5        EV: 15    Int:  9    God:
Gold:   0          SH:  0    Dex: 16    Spells: 4/4 levels left

rFire    . . .     SeeInvis .   a - +0 long sword
rCold    . . .     Gourm    .   (shield restricted)
rNeg     . . .     Faith    .   b - +0 scale mail
rPois    .         Spirit   .   (no helmet)
rElec    .         Reflect  .   (no cloak)
rCorr    .         Harm     .   (no gloves)
MR       .....     NoTele   +   (no boots)
Stlth    +.........             (no amulet)
Regen    0.2/turn               (no ring)
MPRegen  0.1/turn               (no ring)

@: mighty
A: carnivore 3
a: no special abilities


You were in the Dungeon.
You were full.

You visited 1 branch

Inventory:

Hand Weapons
 a - a +0 long sword (weapon)
Armour
 b - a +0 scale mail (worn)
 c - a +0 shield
Scrolls
 k - a scroll of blinking
 l - a scroll of identify {unknown}
Potions
 e - a potion of curing
 g - a potion of heal wounds
 h - a potion of haste
 i - 2 potions of magic
 j - a potion of berserk rage
Comestibles
 f - a meat ration


   Skills:
 * Level 5.6 Fighting
 * Level 3.8 Long Blades
 * Level 4.3 Armour
 * Level 4.8 Dodging
 + Level 3.8 Stealth
 - Level 2.4 Shields


You had 4 spell levels left.
You didn't know any spells.

Dungeon Overview and Level Annotations

Branches:
Dungeon (1/1)

Altars:


Innate Abilities, Weirdness & Mutations

You are small and have problems with some larger weapons.
You are carnivorous and can eat meat at any time.


Message History

The water elemental engulfs you in water!
Your scale mail prevents you from hitting the water elemental.
Your lungs strain for air!
The water elemental barely misses you.
With effort, you pull free of the water engulfing you.
You gasp with relief as air once again reaches your lungs.
The water elemental hits you!
* * * LOW HITPOINT WARNING * * *
The water elemental engulfs you in water!
With effort, you pull free of the water engulfing you.
You gasp with relief as air once again reaches your lungs.
You see here a scorpion corpse.
There is an open door here.
You see here a robe.
There is an open door here.
There is an open door here.
You feel very mighty all of a sudden. The water elemental hits you!!
Ouch! That really hurt!
You die...

▓▓▓▓ ▓▓▓ ▓<@# ♣.#
▓.E# #.....♣ ♣♣.#
▓#'####.....♣♣ ♣..#
▓.....#....≈.♣♣♣♣.#
▓.....#...≈≈♣♣♣.♣.#
▓.....#..≈≈≈≈...♣.'
▓####'#..≈≈≈≈≈≈♣..#
▓%..[.#.≈≈≈≈≈≈....#
▓.....#.≈≈≈≈≈.....#


You could see a water elemental.

Vanquished Creatures
  A scorpion (D)
  Jessica (D)
  A human (D)
  2 oozes (D)
  A rat (D)
6 creatures vanquished.

Vanquished Creatures (others)
  2 draconian scorchers (D)
  6 hellions (D)
  A yaktaur (D)
  2 plants (D)
11 creatures vanquished.

Grand Total: 17 creatures vanquished

Notes
Turn   | Place    | Note
-------+----------+-------------------------------------------
     0 | D        | Keinname the Kobold Fighter began the quest for the Orb.
     0 | D        | Reached XP level 1. HP: 14/14 MP: 1/1
     5 | D        | Reached skill level 1 in Dodging
     5 | D        | Reached skill level 1 in Stealth
    13 | D        | Reached XP level 2. HP: 10/20 MP: 2/2
    27 | D        | Reached skill level 4 in Fighting
    28 | D        | Noticed Jessica
    37 | D        | Killed Jessica
    37 | D        | Reached XP level 3. HP: 7/24 MP: 3/3
    78 | D        | Killed a hellion
    83 | D        | Killed a hellion
    86 | D        | Killed a hellion
   119 | D        | Killed a hellion
   121 | D        | Killed a yaktaur
   131 | D        | Killed a hellion
   153 | D        | Killed a hellion
   184 | D        | Killed a white draconian scorcher
   194 | D        | Killed a white draconian scorcher
   274 | D        | Noticed a scorpion
   292 | D        | Killed a scorpion
   292 | D        | Reached skill level 5 in Fighting
   292 | D        | Reached XP level 4. HP: 29/31 MP: 4/4
   329 | D        | Reached XP level 5. HP: 23/36 MP: 5/5
   455 | D        | Noticed a water elemental
   487 | D        | Mangled by a water elemental

Skill      XL: |  1  2  3 |
---------------+----------+-----
Dodging        | 2 3 4 |  4.8
Stealth        | 1 2 3 |  3.8
Long Blades    | 2 3 |  3.8
Armour         | 3 4 |  4.3
Fighting       | 4 5 |  5.6
Shields        | |  2.4

Action                   |  1- 3 |  4- 6 || total
-------------------------+-------+-------++-------
Melee: Long sword        |    24 |    14 ||    38
  Use: Potion            |       |     1 ||     1
  Eat: Chunk             |     4 |       ||     4
Armor: Scale mail        |     3 |     2 ||     5
Dodge: Dodged            |    11 |    11 ||    22
Block: Shield            |     4 |       ||     4
       Rpst.: Long sword |     5 |     3 ||     8
